 Dungeon Crawl Stone Soup version 0.18.1-6-gd335043 (webtiles) character file.

29932 Moloch the Severer (level 13, -5/98 HPs)
             Began as a Demonspawn Fighter on May 16, 2016.
             Was a High Priest of Okawaru.
             Slain by a 15-headed hydra (6 damage)
             ... on level 6 of the Lair of Beasts on May 17, 2016.
             The game lasted 00:38:23 (15058 turns).

Moloch the Severer (Demonspawn Fighter)            Turns: 15058, Time: 00:38:24

Health: -5/98      AC: 20    Str: 22    XL:     13   Next: 17%
Magic:  13/13      EV:  6    Int: 10    God:    Okawaru [*****.]
Gold:   1421       SH:  6    Dex: 12    Spells: 0 memorised, 12 levels left

rFire  + . .     SeeInvis +     y - +2 war axe
rCold  . . .     Gourm    .     t - +0 plate armour
rNeg   + . .     Faith    .     D - +2 buckler of Kesiner {rN+}
rPois  .         Spirit   .     (helmet unavailable)
rElec  .         Dismiss  .     b - +1 cloak
rCorr  .         Reflect  .     (no gloves)
SustAt .         Harm     .     (no boots)
MR     .....                    j - amulet of regeneration
Stlth  ..........               K - ring of protection from fire
                                (no ring)

@: studying 2 skills, not resistant to hostile enchantments, extremely
unstealthy
A: antennae 3, iridescent scales 2, powered by death 1, powered by pain 1
a: Heroism, Finesse, Renounce Religion


You were on level 6 of the Lair of Beasts.
You worshipped Okawaru.
Okawaru was extremely pleased with you.
You were not hungry.

You visited 4 branches of the dungeon, and saw 18 of its levels.
You also visited: Bailey.

You collected 1421 gold pieces.

Inventory:

Hand Weapons
 y - a +2 war axe (weapon)
Missiles
 P - 14 javelins of returning (quivered)
Armour
 b - a +1 cloak (worn)
 t - a +0 plate armour (worn)
 D - the +2 buckler of Kesiner (worn) {rN+}
   (Okawaru gifted it to you on level 4 of the Lair of Beasts)

   It protects you from negative energy.
Jewellery
 h - the ring of Vehumet's Fury {-Tele rPois Str+5 Dex+2 Stlth+}
   (You found it on level 4 of the Lair of Beasts)

   [ring of stealth]

   It affects your strength (+5).
   It affects your dexterity (+2).
   It protects you from poison.
   It prevents most forms of teleportation.
   It makes you more stealthy.
 j - an amulet of regeneration (around neck)
 K - a ring of protection from fire (right hand)
 L - an uncursed ring of ice
Wands
 N - a wand of polymorph (9/24)
 U - a wand of teleportation (4/9)
Scrolls
 a - a scroll of blinking {unknown}
 c - 2 scrolls of identify
 e - 18 scrolls of remove curse
 i - 3 scrolls of magic mapping
 k - 5 scrolls of immolation
 p - 2 scrolls of fog
 r - 2 scrolls of silence {unknown}
 s - 2 scrolls of fear {unknown}
 E - 4 scrolls of teleportation
 G - 2 scrolls of enchant armour
 H - a scroll of amnesia
 M - 3 scrolls of recharging
 O - 3 scrolls of enchant weapon {unknown}
 V - a scroll of vulnerability {unknown}
Potions
 d - a potion of might
 l - 3 potions of haste
 m - a potion of agility
 o - a potion of mutation
 q - a potion of cure mutation
 z - 5 potions of curing
 B - a potion of flight
 I - 4 potions of cancellation
 S - 3 potions of resistance
 T - a potion of magic
Books
 x - a manual of Fighting
 C - a manual of Shields
Miscellaneous
 v - a legendary deck of wonders {Dowsing}
 J - an ornate deck of defence {the Blade}
Comestibles
 f - 6 bread rations
 g - 11 meat rations
 n - 3 fruits
 u - 2 slices of pizza
 w - 2 beef jerkies


   Skills:
 + Level 7.9 Fighting
 * Level 18.4 Axes
 + Level 4.4 Armour
 - Level 2.6 Shields


You had 12 spell levels left.
You didn't know any spells.

Dungeon Overview and Level Annotations

Branches:
Dungeon (10/15)            Temple (1/1) D:6            Lair (6/8) D:9
  Swamp (0/4) Lair:6        Snake (0/4) Lair:6          Orc (1/2) D:10
  Slime: Lair:6-8

Altars:
Ashenzari
Cheibriados
Dithmenos
Elyvilon
Fedhas
Gozag
Kikubaaqudgha
Makhleb
Nemelex Xobeh
Okawaru
Pakellas
Qazlal
Ru
Sif Muna
Trog
Vehumet
Xom
Yredelemnul
Zin
The Shining One
Beogh

Portals:
Labyrinth: Lair:6
Trove: D:10 (give +2 storm dragon armour)

Annotations:
D:7 Zebulonius's ghost, novice MiBe


Innate Abilities, Weirdness & Mutations

You have a pair of large antennae on your head (SInv).
You are mostly covered in iridescent scales (AC +6).
You regenerate a little health from kills.
You sometimes gain a little power by taking damage.


Message History

You block the 15-headed hydra's attack.
The 15-headed hydra bites you but does no damage.
Unknown command.
Unknown command.
Unknown command.
Unknown command.
Drink which item? (? for menu, Esc to quit)
Okay, then.
Read which item? (? for menu, Esc to quit)
As you read the scroll labeled SEMAEG WACVUYCW, it crumbles to dust.
It is a scroll of amnesia.
You feel forgetful for a moment.
You feel less woody.
Your +1 cloak unmelds from your body.
Your +0 plate armour unmelds from your body.
The 15-headed hydra bites you but does no damage.
The 15-headed hydra bites you.
* * * LOW HITPOINT WARNING * * *
The 15-headed hydra bites you.
You die...

,,,,,,,,,,,,,,,,,,,,,,,,*,,,,,,,*
,,,,,,,,F...........#..,,,,,,,,,,
,,,,*,,................,,,,,,,,,*
,,,,,,................,,,,,,,,,,,
,,,,,...............#,,,,,,,,,,,,
*,,,,.........P.....#*,.,,,,,,,,,
,**,,.......#.PP..P.#...,,,,,,,,,
,***............D.....∩.,,,,,,,,,
,,*.#.....>.....@†......,,,,,,,,,
,,,#.........††.......(.,,,,,,,,,
,**#P..<......#.##......,,,,,,,,,
** #.........†P..#......,,,,,,,,*
* #....................,,,,,,,*,
* #..........#.........,,,,,,,,,
#.........##.........,,,,,,,,*
##.........P.........,,,,,,,,, **
#..................,,,,,,,,,,*


You could see a 15-headed hydra.

Vanquished Creatures
  A catoblepas (Lair:4)
  The ghost of Gekot the Fighter, a journeyman GrFi of Okawaru (Bailey)
  The ghost of manyhoops the Protected, a novice DsGl of Qazlal (Bailey)
  4 death yaks
  An orc sorcerer (Orc:1)
  A cyclops (Orc:1)
  4 black mambas
  The ghost of protoss039 the Covered, a novice MiFi (D:5)
  4 spiny frogs
  A gargoyle (D:10)
  3 rime drakes (Lair:5)
  2 komodo dragons
  A queen bee (Lair:1)
  4 trolls
  A polar bear (Lair:5)
  9 blink frogs
  A wyvern (D:8)
  11 hippogriffs
  20 yaks
  5 basilisks
  A hungry ghost (D:8)
  A mottled dragon (Lair:5)
  A warg (Orc:1)
  10 water moccasins
  7 porcupines
  2 black bears
  An ice beast (D:4)
  12 orc warriors
  3 phantoms
  3 sky beasts
  7 ogres
  18 wolves
  10 centaurs
  9 crocodiles
  3 big kobolds
  13 giant frogs
  4 scorpions
  21 killer bees
  3 vampire bats (D:4)
  8 wights
  8 howler monkeys
  3 crimson imps
  A quasit (D:6)
  A jelly (D:10)
  5 orc priests
  7 hounds
  5 orc wizards
  A giant frog skeleton (D:4)
  11 iguanas
  8 worker ants
  A killer bee zombie (D:6)
  2 hound zombies
  A worker ant zombie (D:10)
  A howler monkey zombie (D:6)
  A gnoll (D:4)
  6 adders
  40 river rats
  2 shadow imps (D:6)
  An ooze (D:3)
  4 adder skeletons
  An adder zombie (D:6)
  4 worms
  2 dart slugs (D:4)
  3 giant geckos
  64 orcs
  2 ball pythons (D:1)
  3 bat skeletons (D:4)
  2 bat zombies (D:4)
  6 giant cockroaches
  14 goblins
  8 hobgoblins
  7 jackals
  21 kobolds
  4 quokkas
  A ball python skeleton (D:5)
  18 bats
  A giant gecko skeleton (D:6)
  A giant gecko zombie (D:8)
  5 giant newts
  3 goblin zombies (D:6)
  2 hobgoblin zombies (D:6)
  A jackal skeleton (D:7)
  4 kobold zombies (D:6)
  2 orc skeletons (D:6)
  An orc zombie (D:6)
  17 rats
  8 fungi
  5 plants
532 creatures vanquished.

Vanquished Creatures (others)
  A bush (Lair:5)
  2 fungi (Lair:4)
  2 plants (Lair:1)
5 creatures vanquished.

Grand Total: 537 creatures vanquished

Notes
Turn   | Place    | Note
--------------------------------------------------------------
     0 | D:1      | Moloch the Demonspawn Fighter began the quest for the Orb.
     0 | D:1      | Reached XP level 1. HP: 18/18 MP: 1/1
    68 | D:1      | Reached skill level 2 in Axes
   127 | D:1      | Gained mutation: You have a pair of small antennae on your head. [demonic ancestry]
   127 | D:1      | Reached XP level 2. HP: 24/24 MP: 2/2
   440 | D:1      | Reached skill level 3 in Axes
   831 | D:2      | Found a snail-covered altar of Cheibriados.
   833 | D:2      | Reached XP level 3. HP: 29/29 MP: 3/3
  1677 | D:3      | Found a shimmering altar of Xom.
  1681 | D:3      | Reached skill level 4 in Axes
  1681 | D:3      | Reached XP level 4. HP: 33/35 MP: 4/4
  2174 | D:3      | Reached skill level 5 in Axes
  2174 | D:3      | Gained mutation: You have a pair of antennae on your head. [demonic ancestry]
  2174 | D:3      | Reached XP level 5. HP: 15/41 MP: 5/5
  2479 | D:4      | Noticed a phantom
  2521 | D:4      | Killed a phantom
  2521 | D:4      | Gained mutation: You regenerate a little health from kills. [demonic ancestry]
  2521 | D:4      | Reached XP level 6. HP: 9/47 MP: 6/6
  2618 | D:4      | Found an ancient bone altar of Kikubaaqudgha.
  2630 | D:4      | Reached skill level 6 in Axes
  2866 | D:3      | Reached skill level 7 in Axes
  2866 | D:3      | Gained mutation: You sometimes gain a little power by taking damage. [demonic ancestry]
  2866 | D:3      | Reached XP level 7. HP: 48/52 MP: 7/7
  3554 | D:4      | Reached skill level 8 in Axes
  3558 | D:5      | Entered Level 5 of the Dungeon
  3603 | D:5      | Found a sparkling altar of Nemelex Xobeh.
  3777 | D:4      | Gained mutation: You are partially covered in iridescent scales (AC +4). [demonic ancestry]
  3777 | D:4      | Reached XP level 8. HP: 57/58 MP: 8/8
  3884 | D:5      | Reached skill level 9 in Axes
  4338 | D:5      | Noticed protoss039's ghost (novice MiFi)
  4530 | D:4      | Reached skill level 10 in Axes
  4715 | D:5      | Killed protoss039's ghost
  4791 | D:6      | Reached XP level 9. HP: 62/63 MP: 9/9
  4835 | D:6      | Found a glowing golden altar of the Shining One.
  4905 | D:6      | Reached skill level 11 in Axes
  5140 | D:6      | Found a staircase to the Ecumenical Temple.
  5229 | Temple   | Entered the Ecumenical Temple
  5359 | D:6      | Found a blossoming altar of Fedhas.
  5610 | D:7      | Found a radiant altar of Vehumet.
  5765 | D:7      | Noticed Zebulonius's ghost (novice MiBe)
  6051 | D:8      | Reached skill level 12 in Axes
  6104 | D:8      | Noticed a troll
  6143 | D:7      | Killed a troll
  6491 | D:8      | Gained mutation: You are mostly covered in iridescent scales (AC +6). [demonic ancestry]
  6491 | D:8      | Reached XP level 10. HP: 70/70 MP: 10/10
  6533 | D:8      | Reached skill level 13 in Axes
  6971 | D:9      | Found an iron altar of Okawaru.
  6987 | D:9      | Became a worshipper of Warmaster Okawaru
  7071 | D:9      | Found a white marble altar of Elyvilon.
  7175 | D:9      | Found an oddly glowing altar of Pakellas.
  7375 | D:9      | Found a staircase to the Lair.
  7654 | D:9      | Reached * piety under Okawaru
  7654 | D:9      | Reached skill level 14 in Axes
  7733 | D:10     | Entered Level 10 of the Dungeon
  7803 | D:10     | Found a flagged portal.
  7855 | Bailey   | Entered a bailey
  7955 | Bailey   | Reached ** piety under Okawaru
  8238 | Bailey   | Noticed Gekot's ghost (journeyman GrFi)
  8239 | Bailey   | Noticed manyhoops's ghost (novice DsGl)
  8272 | Bailey   | Killed Gekot's ghost
  8272 | Bailey   | Gained mutation: You have a pair of large antennae on your head (SInv). [demonic ancestry]
  8272 | Bailey   | Reached XP level 11. HP: 31/75 MP: 11/11
  8274 | Bailey   | Killed manyhoops's ghost
  8274 | Bailey   | Reached skill level 15 in Axes
  8315 | Bailey   | Reached *** piety under Okawaru
  8783 | D:10     | Found a sacrificial altar of Ru.
  8843 | D:10     | Found a portal to a secret trove of treasure.
  8962 | D:10     | Found a staircase to the Orcish Mines.
  8983 | D:10     | Found a roughly hewn altar of Beogh.
  9280 | Orc:1    | Entered Level 1 of the Orcish Mines
  9306 | Orc:1    | Noticed an orc sorcerer
  9336 | Orc:1    | Killed an orc sorcerer
  9346 | Orc:1    | Reached **** piety under Okawaru
  9627 | Lair:1   | Entered Level 1 of the Lair of Beasts
  9644 | Lair:1   | Reached skill level 16 in Axes
 10312 | Lair:1   | Reached ***** piety under Okawaru
 10334 | Lair:1   | Reached XP level 12. HP: 64/81 MP: 12/12
 10525 | Lair:1   | Received a gift from Okawaru
 10553 | Lair:1   | Reached skill level 17 in Axes
 12247 | Lair:3   | Received a gift from Okawaru
 13003 | Lair:4   | Noticed a death yak
 13030 | Lair:3   | Killed a death yak
 13030 | Lair:3   | Reached skill level 5 in Fighting
 13106 | Lair:4   | Noticed a death yak
 13106 | Lair:4   | Noticed a death yak
 13106 | Lair:4   | Noticed a death yak
 13118 | Lair:4   | Killed a death yak
 13122 | Lair:4   | Killed a death yak
 13123 | Lair:4   | Killed a death yak
 13486 | Lair:4   | Reached skill level 18 in Axes
 13526 | Lair:4   | Noticed a catoblepas
 13547 | Lair:4   | Killed a catoblepas
 13580 | Lair:4   | Received a gift from Okawaru
 13584 | Lair:4   | Got a sparkling tin ring
 13586 | Lair:4   | Identified the ring of Vehumet's Fury {-Tele rPois Str+5 Dex+2 Stlth+} (You found it on level 4 of the Lair of Beasts)
 13594 | Lair:4   | Got a scorched buckler {god gift}
 13624 | Lair:4   | Identified the +2 buckler of Kesiner {rN+} (Okawaru gifted it to you on level 4 of the Lair of Beasts)
 14278 | Lair:5   | Reached XP level 13. HP: 96/96 MP: 13/13
 15036 | Lair:6   | Found a labyrinth entrance.
 15057 | Lair:6   | HP: 1/147 [15-headed hydra (10)]
 15058 | Lair:6   | Slain by a 15-headed hydra

Skill      XL: |  1  2  3  4  5  6  7  8  9 10 11 12 |
---------------+-------------------------------------+-----
Axes           | 2 3 4 5 7 8 10 12 14 16 18 | 18.4
Fighting       | 7 |  7.9
Armour         | 4 |  4.4
Shields        | |  2.6

Action                   |  1- 3 |  4- 6 |  7- 9 | 10-12 | 13-15 || total
-------------------------+-------+-------+-------+-------+-------++-------
Melee: War axe           |   151 |   183 |   467 |  1183 |   133 ||  2117
Invok: Heroism           |       |       |       |     6 |     1 ||     7
Evoke: Wand              |       |       |     1 |    23 |     1 ||    25
  Use: Scroll            |       |       |    10 |    16 |     2 ||    28
       Potion            |       |       |     1 |     5 |     4 ||    10
  Eat: Chunk             |     3 |     4 |    12 |    25 |     4 ||    48
       Royal jelly       |       |       |       |     1 |       ||     1
Armor: Scale mail        |    74 |       |       |       |       ||    74
       Chain mail        |    10 |   124 |   320 |   191 |       ||   645
       Plate armour      |       |       |       |   526 |    61 ||   587
       Skin              |       |       |       |    11 |    71 ||    82
Dodge: Dodged            |    39 |    26 |   105 |   223 |    43 ||   436
Block: Shield            |    61 |    87 |   207 |   526 |       ||   881
       Buckler           |       |       |       |    18 |    48 ||    66
